 Dungeon Crawl Stone Soup version 0.28-b1-25-g9875b3fc8c (webtiles) character file.

Game seed: 15226442129279139719

231 crazypyro the Skirmisher (level 5, -3/42 HPs)
             Began as a Demonspawn Fighter on Jan 31, 2022.
             Succumbed to a water moccasin's poison
             ... on level 5 of the Dungeon.
             The game lasted 00:03:03 (3058 turns).

crazypyro the Skirmisher (Demonspawn Fighter)       Turns: 3058, Time: 00:03:04

Health: -3/42      AC: 12    Str: 16 (19) XL:     5   Next: 73%
Magic:  5/5        EV:  4    Int:  8 (9)  God:
Gold:   146        SH:  8    Dex: 10 (12) Spells: 4/4 levels left

rFire   . . .      SeeInvis .   h - +2 dagger (speed)
rCold   . . .      Faith    .   c - +0 buckler
rNeg    . . .      Spirit   .   f - +0 plate armour
rPois   .          Reflect  .   (no helmet)
rElec   .          Harm     .   (no cloak)
rCorr   .          Rampage  .   l - +0 pair of gloves
Will    .....                   (no boots)
Stlth   ..........              (no amulet)
HPRegen 0.14/turn               (no ring)
MPRegen 0.09/turn               (no ring)

@: lethally poisoned (-3 -> -23)
A: large bone plates 1, ignite blood 2
a: no special abilities


You were on level 5 of the Dungeon.
You visited 1 branch of the dungeon, and saw 5 of its levels.

You collected 146 gold pieces.

Inventory:

Hand Weapons
 a - a +0 rapier
 h - a +2 dagger of speed (weapon)
Armour
 b - a +0 scale mail
 c - a +0 buckler (worn)
 f - a +0 plate armour (worn)
 l - a +0 pair of gloves (worn)
Scrolls
 e - 2 scrolls of teleportation {unknown}
 g - a scroll of immolation {unknown}
 i - 2 scrolls of identify {unknown}
 j - a scroll of brand weapon {unknown}
Potions
 d - a potion of might
 k - a potion of degeneration
 m - a potion of heal wounds {unknown}


   Skills:
 + Level 3.8 Fighting
 * Level 3.5 Short Blades
 + Level 3.5 Armour
 - Level 1.0 Dodging
 + Level 3.5 Shields


You had 4 spell levels left.
You didn't know any spells.
Your spell library contained the following spells:

 Spells                   Type           Power      Damage    Failure   Level
 Scorch                   Fire           0%         2d5       100%        2
 Gell's Gravitas          Tloc           0%         N/A       100%        3
 Lesser Beckoning         Tloc           0%         N/A       100%        3
 Teleport Other           Tloc           0%         N/A       100%        3
 Flame Wave               Conj/Fire      0%         2d4       100%        4
 Summon Cactus Giant      Summ           0%         N/A       100%        6


Dungeon Overview and Level Annotations

Branches:
Dungeon (5/15)
 Temple: D:4-7

Altars:


Innate Abilities, Weirdness & Mutations

You are partially covered in large bone plates. (SH +4)
Your demonic aura often causes spilled blood to erupt in flames.


Message History

The quokka bites you but does no damage.
You barely miss the water moccasin. You block the water moccasin's attack.
You block the quokka's attack.
You hit the water moccasin.
The water moccasin is lightly wounded.
The water moccasin bites you.
You barely miss the water moccasin.
The water moccasin is lightly wounded.
You block the quokka's attack.
You barely miss the water moccasin.
The water moccasin is lightly wounded.
The water moccasin bites you.
You are poisoned.
The water moccasin poisons you!
The quokka bites you but does no damage.
You completely miss the water moccasin.
The water moccasin is lightly wounded.
You feel very sick. The water moccasin bites you.
You are more poisoned.
The water moccasin poisons you!
You closely miss the water moccasin.
The water moccasin is lightly wounded.
You feel very sick.
The quokka bites you but does no damage.
The water moccasin bites you.
You are too injured to fight recklessly!
You feel very sick.
You feel very sick. The water moccasin bites you.
* * * LOW HITPOINT WARNING * * *
You are more poisoned.
The water moccasin poisons you!
You see here a scroll labelled HAJ BEGRIXE.
* * * LOW HITPOINT WARNING * * *
You feel very sick.
It was a potion of degeneration.
There was something very wrong with that liquid.
You feel weakened.
You feel dopey.
You feel clumsy.
You die...

### ..# #.#
#.# #.# #.#
.# #.# .#
#@###.#####
#....##
#○##..=...<
#..... #Sr..#
##.... #..#.#
#....# #..#.#
..... #....#
#...# ###
##.#.# ....#
##.## #.#.#
##..# ##...##
#...#######.#


You could see a water moccasin and a quokka.

Vanquished Creatures
  An iguana (D:4)
  Natasha (thrice) (D:2)
  4 gnolls (D:3)
  2 adders (D:4)
  A dart slug (D:1)
  3 orcs (D:4)
  2 ball pythons (D:1)
  An endoplasm (D:1)
  16 giant cockroaches
  3 goblins
  5 hobgoblins
  7 jackals
  6 kobolds
  3 quokkas (D:1)
  4 bats
  A frilled lizard (D:2)
  5 rats
67 creatures vanquished.

Notes
Turn   | Place    | Note
-------+----------+-------------------------------------------
     0 | D:1      | crazypyro the Demonspawn Fighter began the quest for the
                  | Orb.
     0 | D:1      | Reached XP level 1. HP: 18/18 MP: 1/1
   405 | D:1      | Gained mutation: You are partially covered in large bone
                  | plates. (SH +4) [demonic ancestry]
   405 | D:1      | Reached XP level 2. HP: 20/24 MP: 2/2
   450 | D:1      | Found a faded altar of an unknown god.
   904 | D:1      | Gained mutation: Your demonic aura sometimes causes spilled
                  | blood to erupt in flames. [demonic ancestry]
   904 | D:1      | Reached XP level 3. HP: 29/29 MP: 3/3
  1415 | D:2      | Noticed Natasha
  1419 | D:2      | Killed Natasha
  1673 | D:2      | Noticed Natasha
  1689 | D:2      | Killed Natasha
  1690 | D:2      | Reached skill level 1 in Dodging
  1690 | D:2      | Reached XP level 4. HP: 22/35 MP: 4/4
  1720 | D:2      | Noticed Natasha
  1735 | D:2      | Killed Natasha
  2495 | D:3      | Gained mutation: Your demonic aura often causes spilled
                  | blood to erupt in flames. [demonic ancestry]
  2495 | D:3      | Reached XP level 5. HP: 35/41 MP: 5/5
  2758 | D:3      | You fall into a shaft and drop 1 floor!
  3002 | D:5      | Entered Level 5 of the Dungeon
  3041 | D:5      | Noticed a water moccasin
  3057 | D:5      | HP: 1/42 [poisoned by a water moccasin]
  3058 | D:5      | Succumbed to a water moccasin's poison

Illustrated notes

Levels and vault maps discovered:
D:1:      amcnicky_arrival_double_pillar, layout_basic,
          shapermc_ecumenical_altar_mp_urbaneastern, minmay_bisected
D:2:      layout_basic, uniq_natasha
D:3:      minmay_roachtagon, layout_basic, kennysheep_generic_room_8
D:4:      layout_loops_ring, uniq_pikel
D:5:      layout_loops_ring, temple_green, uniq_sigmund

Skill      XL: |  1  2  3  4 |
---------------+-------------+-----
Short Blades   | 2 3 |  3.5
Armour         | 3 |  3.5
Shields        | 3 |  3.5
Dodging        | 1 |  1.0
Fighting       | |  3.8

Action                   |  1- 3 |  4- 6 || total
-------------------------+-------+-------++-------
Melee: Rapier            |    92 |       ||    92
       Dagger            |    28 |   187 ||   215
  Use: Potion            |       |     1 ||     1
Armor: Scale mail        |    26 |       ||    26
       Plate armour      |    68 |    78 ||   146
Dodge: Dodged            |    25 |    29 ||    54
Block: Buckler           |    42 |    64 ||   106
